 Dungeon Crawl Stone Soup version 0.31-a0-278-g485e682e34 (webtiles) character file.

Game seed: 16674517585263822710

91 AdnanSaban the Covered (level 4, 0/29 HPs)
             Began as a Gargoyle Fighter on July 16, 2023.
             Was an Initiate of Trog.
             Slain by Duvessa
             ... wielding a +1 short sword of flaming
              (3 damage)
             ... on level 4 of the Dungeon.
             The game lasted 00:03:23 (3013 turns).

AdnanSaban the Covered (Gargoyle Fighter)           Turns: 3013, Time: 00:03:23

Health: 0/29       AC: 13    Str: 21    XL:     4   Next: 57%
Magic:  4/4        EV:  9    Int:  9    God:    Trog [......]
Gold:   186        SH:  4    Dex:  9    Spells: 3/3 levels left

rFire   . . .        a - +0 flail
rCold   . . .        c - +0 buckler
rNeg    + . .        b - +0 scale mail
rPois   ∞            (no helmet)
rElec   +            (no cloak)
rCorr   .            y - +0 pair of gloves
SInv    .            i - +0 pair of boots
Will    .....        (no amulet) Stlth
                     (no ring)
HPRegen 0.24/turn    (no ring)
MPRegen 0.09/turn

%: no passive effects
@: no status effects
A: sickness immunity, AC +3, negative energy resistance 1, electricity
resistance, torment resistance 1, petrification resistance
a: Renounce Religion


You were on level 4 of the Dungeon.
You worshipped Trog.
Trog was noncommittal.
You visited 2 branches of the dungeon, and saw 5 of its levels.

You collected 186 gold pieces.

Inventory:

Hand Weapons
 a - a +0 flail (weapon)
Armour
 b - a +0 scale mail (worn)
 c - a +0 buckler (worn)
 i - a +0 pair of boots (worn)
 y - a +0 pair of gloves (worn)
Jewellery
 j - an amulet of faith
 v - a ring of ice
Scrolls
 k - a scroll of fear {unknown}
 l - a scroll of enchant armour {unknown}
 m - a scroll of amnesia {unknown}
 n - 2 scrolls of teleportation {unknown}
 o - 7 scrolls of identify {unknown}
 p - 2 scrolls of fog {unknown}
 r - a scroll of blinking {unknown}
 s - a scroll of silence {unknown}
 t - a scroll of revelation {unknown}
 w - a scroll of brand weapon {unknown}
 x - a scroll of torment {unknown}
Potions
 d - 2 potions of might
 e - a potion of degeneration {unknown}
 f - a potion of berserk rage {unknown}
 g - a potion of cancellation {unknown}
 h - 4 potions of haste {unknown}
 q - a potion of resistance {unknown}
 u - a potion of brilliance {unknown}


   Skills:
 + Level 3.8 Fighting
 + Level 3.2 Maces & Flails
 + Level 4.1 Armour
 + Level 3.8 Shields


You had 3 spell levels left.
You didn't know any spells.
Your spell library contained the following spells:

 Spells                   Type           Power      Damage    Failure   Level
 Magic Dart               Conj           0%         1d3       78%         1
 Call Imp                 Summ           0%         N/A       89%         2
 Inner Flame              Hex/Fire       0%         N/A       98%         3
 Mephitic Cloud           Conj/Pois/Air  0%         N/A       98%         3
 Flame Wave               Conj/Fire      0%         2d4       100%        4
 Leda's Liquefaction      Hex/Erth       0%         N/A       100%        4
 Sticky Flame             Conj/Fire      0%         2d3       100%        4
 Lee's Rapid Deconstruct  Erth           0%         3d4*      100%        5
 Leda's Unmaking          Conj/Erth      0%         9d1       100%        6


Dungeon Overview and Level Annotations

Branches:
Dungeon (4/15)             Temple (1/1) D:4

Altars:
Ashenzari
Elyvilon
Fedhas
Gozag
Kikubaaqudgha
Makhleb
Qazlal
Ru
Sif Muna
Trog
Uskayaw
Vehumet
Xom
Yredelemnul

Annotations:
D:4 Dowan, Duvessa


Innate Abilities, Weirdness & Mutations

You are immune to sickness and miasma.
Your stone body is resilient. (AC +3)
You are immune to poison.
You resist negative energy. (rN+)
You are resistant to electric shocks. (rElec)
You are resistant to unholy torment.
You are immune to petrification.


Message History

You barely miss Duvessa. You block Duvessa's attack.
You barely miss Duvessa.
Duvessa hits you with a +1 short sword of flaming.
Duvessa burns you.
You hit Duvessa.
Duvessa is lightly wounded.
Duvessa barely misses you.
Dowan casts a spell.
Dowan blinks!
You hit Duvessa but do no damage.
Duvessa is lightly wounded.
Duvessa hits you but does no damage. Dowan hits you but does no damage.
Duvessa hits you with a +1 short sword of flaming!
Duvessa burns you. Dowan hits you but does no damage.
Duvessa attacks as you move away! Duvessa hits you but does no damage.
Dowan hits you with a +0 dagger. Dowan gestures at you while chanting.
The puff of frost hits you. Dowan attacks as you move away!
Dowan hits you but does no damage.
Dowan casts a spell at Duvessa.
Duvessa seems to speed up.
Duvessa attacks as you move away!
Duvessa hits you with a +1 short sword of flaming.
* * * LOW HITPOINT WARNING * * *
Duvessa burns you.
* * * LOW HITPOINT WARNING * * *
Duvessa hits you but does no damage.
Duvessa hits you with a +1 short sword of flaming.
* * * LOW HITPOINT WARNING * * *
Duvessa burns you.
* * * LOW HITPOINT WARNING * * *
Duvessa attacks as you move away! Duvessa barely misses you.
Duvessa hits you with a +1 short sword of flaming.
* * * LOW HITPOINT WARNING * * *
Duvessa burns you.
* * * LOW HITPOINT WARNING * * *
There is a dry fountain here.
Duvessa attacks as you move away!
Duvessa hits you with a +1 short sword of flaming.
You die...

#.#####...## ### ##........##
...####..###....#####
#.......e###........
###..##..###......##
######...##..###..# .
#........e.(..##†.# ..
#...#..e#.........##### #..###..
#.@.#...#..........
#...#.###...###.......###..
#.....)..............####
..####.####..⌠..>..⌠......#..# #
...##.. #..............###.#
...##.## ##.###...###...####.##
...#...###....#.⌠.#...#.# #...###
#.............#...#...#.##...#..#
#.................... #####...


You could see Duvessa (fast) and Dowan.

Vanquished Creatures
  3 adders
  2 worms (D:3)
  A dart slug (D:3)
  An orc (D:3)
  8 ball pythons
  2 endoplasms (D:1)
  2 giant cockroaches
  4 goblins
  7 hobgoblins
  7 quokkas
  3 bats
  A frilled lizard (D:1)
  3 kobolds
  10 rats
54 creatures vanquished.

Notes
Turn   | Place    | Note
-------+----------+-------------------------------------------
     0 | D:1      | AdnanSaban the Gargoyle Fighter began the quest for the
                  | Orb.
     0 | D:1      | Reached XP level 1. HP: 14/14 MP: 1/1
   328 | D:1      | Reached XP level 2. HP: 19/19 MP: 2/2
   777 | D:1      | Reached XP level 3. HP: 23/23 MP: 3/3
  1059 | D:2      | Found a shimmering blue altar of Sif Muna.
  1860 | D:3      | Reached XP level 4. HP: 24/29 MP: 4/4
  1934 | D:3      | Found a broken altar of Ashenzari.
  2009 | D:3      | Found a faded altar of an unknown god.
  2018 | D:3      | Reached skill level 4 in Armour
  2189 | D:3      | Found a radiant altar of Vehumet.
  2618 | D:4      | Found a staircase to the Ecumenical Temple.
  2633 | Temple   | Entered the Ecumenical Temple
  2859 | Temple   | Became a worshipper of Trog the Wrathful
  2990 | D:4      | Noticed Duvessa
  2990 | D:4      | Noticed Dowan
  3013 | D:4      | Slain by Duvessa

Illustrated notes

Levels and vault maps discovered:
D:1:      minmay_arrival_three_doors, layout_basic
D:2:      layout_basic, basic_altar, chequers_avenue
D:3:      layout_loops_cross, cheibrodos_ashenzari_chains,
          mainiacjoe_overflow_alcove_1, basic_ecumenical_altar, st_stairs_8,
          palyth_stone_intersect
D:4:      layout_layer_cave, pf_just_have_faith, minmay_temple_entry_junction_2,
          uniq_duvessa
Temple:   nicolae_temple_bog_church

Skill      XL: |  1  2  3  4 |
---------------+-------------+-----
Armour         | 4 |  4.1
Maces & Flails | 3 |  3.2
Fighting       | |  3.8
Shields        | |  3.8

Action                     |  1- 3 |  4- 6 || total
---------------------------+-------+-------++-------
  Melee: Flail             |   141 |    67 ||   208
 Armour: Scale mail        |   118 |    38 ||   156
  Dodge: Dodged            |   129 |    27 ||   156
  Block: Buckler           |    41 |    18 ||    59

Table legend: (Time is in decaauts)
 A = Elapsed time spent in this place.
 B = Non-inter-level travel time spent in this place.
 C = Inter-level travel time spent in this place.
 D = Time resting spent in this place.
 E = Time spent auto-exploring this place.
 F = Levels seen in this place.
 G = Mean time per level.
                   A        B        C        D        E       F      G
               +--------+--------+--------+--------+--------+-----+--------+
         Total |   3086 |   2894 |    192 |      0 |   2352 |   5 |  617.2 |
       Dungeon |   2842 |   2704 |    138 |      0 |   2174 |   4 |  710.5 |
        Temple |    244 |    190 |     54 |      0 |    178 |   1 |  244.0 |
               +--------+--------+--------+--------+--------+-----+--------+

Top non-repeatable levels by time:
     D:2: 983 daAuts
     D:1: 887 daAuts
     D:3: 785 daAuts
  Temple: 244 daAuts
     D:4: 184 daAuts
